 Dungeon Crawl Stone Soup version 0.23.2-40-g277498a001 (webtiles) character file.

Game seed: 5696660002616474374

111 Chudej the Magician (level 4, 0/24 HPs)
             Began as a Deep Elf Conjurer on Aug 31, 2019.
             Slain by a worker ant (2 damage)
             ... on level 4 of the Dungeon.
             The game lasted 00:02:40 (2099 turns).

Chudej the Magician (Deep Elf Conjurer)             Turns: 2099, Time: 00:02:40

Health: 0/24       AC:  4    Str:  5    XL:     4   Next: 62%
Magic:  8/13       EV: 12    Int: 21    God:
Gold:   199        SH:  0    Dex: 15    Spells: 11/14 levels left

rFire    . . .     SeeInvis .   (no weapon)
rCold    + . .     Gourm    .   (no shield)
rNeg     . . .     Faith    .   l - +1 leather armour {rC+}
rPois    .         Spirit   .   (no helmet)
rElec    .         Reflect  .   (no cloak)
rCorr    .         Harm     .   (no gloves)
MR       .....                  (no boots)
Stlth    +.........             (no amulet)
HPRegen  0.08/turn              (no ring)
MPRegen  0.13/turn              (no ring)

@: confused
A: no striking features
a: no special abilities


You were on level 4 of the Dungeon.
You were not hungry.

You visited 1 branch of the dungeon, and saw 4 of its levels.

You collected 199 gold pieces.

Inventory:

Armour
 a - a +0 robe
 l - a +1 leather armour of cold resistance (worn)
Scrolls
 b - 2 scrolls of magic mapping {unknown}
 e - 2 scrolls of enchant armour {unknown}
 g - 2 scrolls of enchant weapon {unknown}
 h - a scroll of identify {unknown}
 j - a scroll of remove curse {unknown}
 k - 2 scrolls of teleportation {unknown}
Potions
 d - a potion of brilliance {unknown}
 f - 2 potions of flight {unknown}
 i - a potion of berserk rage {unknown}
 m - a potion of heal wounds {unknown}
Comestibles
 c - 3 rations
 n - a chunk of flesh


   Skills:
 - Level 2.4 Dodging
 - Level 2.4 Stealth
 * Level 5.7 Spellcasting
 + Level 5.2 Conjurations


You had 11 spell levels left.
You knew the following spells:

 Your Spells              Type           Power        Failure   Level  Hunger
a - Magic Dart            Conj           ####         1%          1    None
b - Searing Ray           Conj           ####..       3%          2    None

Your spell library contained the following spells:

 Spells                   Type           Power        Failure   Level  Hunger
 Dazzling Spray           Conj/Hex       ###...       17%         3    ##.....
 Iskenderun's Mystic Bla  Conj           ####....     19%         4    ####...
 Force Lance              Conj/Tloc      ###.....     50%         4    ####...
 Fulminant Prism          Conj/Hex       ###.......   50%         4    ####...


Dungeon Overview and Level Annotations

Branches:
Dungeon (4/15)
 Temple: D:4-7

Altars:

Shops:
D:4 :


Message History

The orc wizard points at you and mumbles some strange words.
You are confused.
In your confused state, you trip and fall back down the stairs.
The worker ant bites you but does no damage.
The orc wizard hits you with a +0 dagger.
Unknown command.
Unknown command.
The worker ant bites you.
* * * LOW HITPOINT WARNING * * *
The orc wizard barely misses you. The worker ant bites you.
* * * LOW HITPOINT WARNING * * *
In your confused state, you trip and fall back down the stairs.
* * * LOW HITPOINT WARNING * * *
The orc wizard barely misses you.
The worker ant bites you but does no damage.
You're too confused to cast spells.
The orc wizard hits you with a +0 dagger.
* * * LOW HITPOINT WARNING * * *
The worker ant bites you.
You die...

!....#......###.#...#
..o.................#
..o.<.s.............#
........#∩..........###
##......#..............
#..##.............# #o.
..........<..# ...
...#....oa...# ....
..#......@..# ....
..#....###### #....
#.... ...... #....#
#...


You could see a worker ant and an orc wizard.

Vanquished Creatures
  An orc priest (D:3)
  An adder (D:3)
  2 oozes (D:1)
  5 orcs
  2 ball pythons
  7 bats
  4 giant cockroaches
  7 goblins
  4 hobgoblins
  7 jackals (D:1)
  6 kobolds
  4 frilled lizards
  4 rats
54 creatures vanquished.

Notes
Turn   | Place    | Note
-------+----------+-------------------------------------------
     0 | D:1      | Chudej the Deep Elf Conjurer began the quest for the Orb.
     0 | D:1      | Reached XP level 1. HP: 10/10 MP: 6/6
   122 | D:1      | Reached XP level 2. HP: 15/15 MP: 5/8
   126 | D:1      | Learned a level 2 spell: Searing Ray
   541 | D:1      | Reached XP level 3. HP: 19/19 MP: 8/10
  1327 | D:3      | Reached skill level 5 in Spellcasting
  1522 | D:3      | Reached skill level 5 in Conjurations
  1522 | D:3      | Reached XP level 4. HP: 24/24 MP: 8/13
  1914 | D:4      | Found Ytaing's Book Boutique.
  2099 | D:4      | Slain by a worker ant

Skill      XL: |  1  2  3 |
---------------+----------+-----
Spellcasting   | 4 5 |  5.7
Conjurations   | 5 |  5.2
Dodging        | |  2.4
Stealth        | |  2.4

Action                   |  1- 3 |  4- 6 || total
-------------------------+-------+-------++-------
Melee: Unarmed           |     4 |     4 ||     8
 Cast: Magic Dart        |    67 |    32 ||    99
       Searing Ray       |     4 |       ||     4
  Eat: Chunk             |     2 |     1 ||     3
Armor: Robe              |     6 |       ||     6
       Leather armour    |     2 |     6 ||     8
Dodge: Dodged            |    13 |     7 ||    20
